Map: Overgrown Facility

Players

Odin - Winner!

  • Race: Protoss Protoss
  • League: Gold
  • Spawn Location: 9:00

keyser - Winner!

  • Race: Terran Terran
  • League: Gold
  • Spawn Location: 7:00

aiRBuDDhA

  • Race: Zerg Zerg
  • Spawn Location: 1:00

dreamvos

  • Race: Protoss Protoss
  • Spawn Location: 3:00

VOD

Have the link to the VOD?

Description

Time

  • Played on: Dec. 7, 2018, 5:31 a.m.
  • Length: 18:28
Show
View Real Time Build Order
Export as new Build Order

Odin Protoss - Winner!

Build Orders: Oracle Opening 

Get SALT Encoding   

  12  0:02  Probe  
  13  0:18  Pylon  
  13  0:20  Probe  
  14  0:28  Probe  
  15  0:40  Gateway  
  15  0:56  Probe  
  16  1:01  Assimilator  
  16  1:07  Probe  
  17  1:16  Assimilator  
  17  1:24  Probe  
  18  1:35  Cybernetics Core  
  18  1:37  Probe  
  19  1:48  Gateway  
  19  1:49  Probe  
  19  1:53  Pylon  
  20  2:11  Warp Gate  
  20  2:18  Adept  
  22  2:35  Adept  
  24  2:47  Probe  
  24  2:49  Stargate  
  25  3:00  Probe  
  26  3:13  Nexus  
  26  3:24  Probe  
  27  3:33  Oracle  
  30  3:36  Probe  
  30  3:38  Pylon  
  31  3:57  Zealot  
  31  3:58  Zealot  
  31  4:11  Probe  
  31  4:17  Oracle  
  32  4:23  Probe  
  36  4:24  Probe  
  36  4:29  Assimilator  
  37  4:35  Probe  
  37  4:37  Probe  
  39  4:38  Stargate  
  39  4:48  Phoenix  
  39  4:49  Probe x2  
  41  4:57  Assimilator  
  43  5:11  Probe x2  
  45  5:20  Stalker x2  
  49  6:14  Phoenix x2  
  53  6:21  Stargate  
  53  6:23  Probe  
  54  6:28  Pylon  
  54  6:30  Pylon  
  54  6:32  Pylon  
  54  6:34  Pylon  
  54  6:38  Pylon  
  54  6:46  Probe x2  
  56  6:52  Nexus, Forge  
  56  6:54  Forge, Assimilator  
  56  6:59  Assimilator  
  56  7:01  Pylon  
  56  7:02  Pylon  
  56  7:08  Phoenix  
  56  7:09  Phoenix  
  56  7:10  Phoenix  
  62  7:33  Phoenix  
  64  7:37  Phoenix x2  
  68  7:45  Protoss Ground Weapons Level 1  
  68  7:46  Protoss Shields Level 1  
  68  7:48  Photon Cannon  
  68  7:54  Photon Cannon  
  68  8:02  Phoenix x2  
  72  8:14  Probe x2  
  74  8:26  Probe x2  
  76  8:38  Probe  
  76  8:39  Probe  
  76  8:48  Zealot x2  
  76  8:52  Phoenix  
  76  8:53  Phoenix x2  
  86  8:59  Robotics Facility  
  86  9:00  Robotics Facility  
  84  9:18  Probe x3  
  87  9:30  Probe x3  
  90  9:34  Phoenix x2  
  94  9:42  Probe x2  
  94  9:43  Probe  
  96  9:54  Probe  
  71  10:41  Phoenix x3  
  77  10:59  Probe x3  
  70  11:56  Immortal x2  
  70  11:59  Robotics Bay  
  78  12:03  Protoss Ground Armor Level 1  
  76  12:53  Zealot x2  
  78  13:00  Gateway  
  78  13:01  Colossus x2  
  78  13:02  Gateway  
  90  13:06  Gateway x2  
  90  13:13  Zealot  
  90  13:14  Zealot  
  90  13:18  Extended Thermal Lance  
  94  13:40  Probe x3  
  97  13:50  Nexus  
  97  13:52  Probe x3, Assimilator  
  97  13:53  Gateway  
  100  13:56  Gateway, Assimilator  
  100  13:58  Gateway x2  
  100  13:59  Phoenix x2  
  100  14:00  Phoenix  
  100  14:01  Gateway  
  106  14:03  Gateway  
  106  14:05  Stargate  
  106  14:06  Fleet Beacon  
  106  14:09  Pylon x2  
  106  14:18  Colossus x2  
  118  14:28  Phoenix x2  
  118  14:29  Phoenix  
  124  14:51  Phoenix  
  126  14:53  Phoenix x2  
  126  14:54  Phoenix  
  132  15:07  Pylon  
  132  15:08  Pylon  
  132  15:09  Pylon  
  132  15:10  Pylon  
  132  15:23  Tempest x3  
  132  15:24  Tempest  
  132  15:28  Colossus x2  
  162  15:47  Zealot  
  162  15:48  Zealot x10  
  162  15:49  Zealot  
  186  15:55  Twilight Council  
  186  16:20  Pylon  
  186  16:22  Pylon  
  186  16:24  Pylon  
  186  16:25  Pylon  
  186  16:38  Tempest x2  
  196  16:45  Tempest  
  199  16:52  Anion Pulse-Crystals  
  199  17:07  Tempest  
  196  17:42  Zealot x2  
Show
View Real Time Build Order
Export as new Build Order

keyser Terran - Winner!

Build Orders:  

Get SALT Encoding   

  12  0:01  SCV  
  13  0:18  SCV, Supply Depot  
  14  0:30  SCV  
  15  0:41  Barracks  
  15  0:47  Refinery  
  15  0:57  SCV  
  16  1:09  SCV  
  17  1:21  SCV  
  18  1:29  Supply Depot  
  18  1:38  Reaper  
  18  1:39  Orbital Command  
  19  1:53  Refinery  
  19  2:08  Factory  
  19  2:09  Marine  
  19  2:11  SCV  
  19  2:12  Barracks  
  21  2:27  Marine  
  22  2:32  SCV  
  24  2:58  SCV  
  24  3:22  Command Center  
  24  3:28  Factory Tech Lab, Barracks Tech Lab  
  24  3:30  Starport  
  24  3:34  Marine  
  24  3:37  SCV  
  26  3:52  Marine  
  27  4:09  Marine  
  27  4:13  Starport Reactor  
  27  4:15  Barracks  
  28  4:17  Siege Tank  
  31  4:25  Combat Shield  
  31  4:33  Marine, Supply Depot  
  31  4:35  Supply Depot  
  31  4:36  Orbital Command  
  32  4:39  Refinery  
  32  4:49  Siege Tank  
  36  4:58  Barracks Reactor  
  35  5:12  Medivac x2  
  39  5:16  Barracks Tech Lab  
  39  5:21  Engineering Bay  
  39  5:25  SCV x2  
  41  5:37  Refinery, SCV x2  
  43  5:53  Stimpack  
  43  5:55  Marine x2  
  45  5:58  SCV  
  45  5:59  SCV  
  47  6:10  Terran Infantry Weapons Level 1  
  47  6:11  SCV x2  
  49  6:13  Marine x2  
  49  6:14  Armory  
  49  6:17  Marine x3  
  54  6:23  SCV x2  
  54  6:24  Supply Depot  
  56  6:27  Supply Depot  
  56  6:30  Marine x2  
  58  6:34  Marine  
  58  6:35  SCV x2  
  61  6:46  Marine, Raven  
  64  6:48  Siege Tank  
  64  6:49  Marine  
  64  6:50  Marine x2  
  64  6:52  Marine  
  71  7:04  Marine  
  71  7:07  Marine  
  71  7:08  Marine x2  
  75  7:33  Marine x3  
  78  7:48  Supply Depot  
  78  7:49  Supply Depot  
  78  7:51  Supply Depot  
  78  8:06  Marine  
  78  8:09  Marine x4, Siege Tank  
  85  8:24  Marine  
  86  8:27  Marine x4  
  86  8:28  Medivac  
  84  8:41  Siege Tank  
  84  8:42  Marine  
  84  8:45  Marine x4  
  85  8:58  Medivac  
  85  8:59  Marine  
  85  9:02  Marine x4, SCV  
  93  9:13  Siege Tank  
  93  9:14  SCV  
  93  9:15  Terran Infantry Weapons Level 2  
  97  9:17  Marine  
  97  9:18  Terran Vehicle Weapons Level 1  
  97  9:22  Command Center  
  98  9:26  SCV  
  99  9:33  Supply Depot  
  99  9:34  Supply Depot  
  99  9:35  Marine  
  98  9:46  Siege Tank  
  75  9:58  Supply Depot  
  75  9:59  Supply Depot  
  69  10:03  Marine x4  
  55  10:18  Siege Tank  
  55  10:21  Marine x4  
  54  10:38  Marine  
  54  10:39  Marine x3  
  58  10:50  Siege Tank  
  58  10:52  Command Center  
  61  10:58  Marine x3  
  61  10:59  Marine  
  65  11:16  Marine x4  
  69  11:22  Siege Tank  
  72  11:34  Marine x4  
  74  11:52  Marine x2  
  76  11:54  Siege Tank  
  76  11:56  Marine  
  76  11:57  Marine  
  78  12:09  Marine  
  78  12:10  Marine  
  78  12:14  Marine x2  
  73  12:26  Siege Tank  
  67  12:41  Marine x4  
  60  12:58  Marine, Siege Tank  
  60  12:59  Marine x3  
  67  13:16  Marine x2, Planetary Fortress  
  67  13:17  Marine  
  71  13:22  Barracks Reactor  
  70  13:30  Siege Tank  
  73  13:34  Marine x2  
  73  13:35  Marauder  
  77  13:48  Refinery  
  77  13:49  SCV x2  
  77  13:52  Marine x2  
  77  13:54  SCV  
  82  13:56  Marauder  
  82  13:59  Refinery  
  82  14:01  SCV x2  
  89  14:02  Siege Tank  
  89  14:06  SCV  
  90  14:10  Marine x2  
  90  14:13  SCV  
  90  14:14  SCV  
  90  14:16  Raven  
  96  14:18  Marauder, SCV  
  96  14:20  Marine x2  
  101  14:28  Marine x2  
  103  14:34  Siege Tank  
  106  14:38  Marine x2  
  106  14:39  Marine  
  106  14:44  Factory  
  109  14:45  Marine  
  109  14:46  Marine, SCV  
  109  14:49  Terran Infantry Weapons Level 3  
  109  14:50  Terran Vehicle Weapons Level 2  
  112  14:58  SCV  
  112  14:59  Raven  
  115  15:00  Sensor Tower  
  115  15:07  Siege Tank  
  118  15:10  SCV  
  118  15:14  Marine x5  
  124  15:24  Supply Depot x2  
  124  15:25  Supply Depot  
  124  15:31  Marine  
  124  15:32  Marine x2  
  127  15:39  Siege Tank  
  127  15:42  Raven  
  132  15:49  Supply Depot x2  
  132  15:51  Supply Depot  
  132  16:06  Command Center  
  132  16:11  Siege Tank  
  135  16:24  Raven  
  135  16:25  Fusion Core  
  137  16:29  Starport  
  137  16:30  Starport  
  137  17:05  Starport Tech Lab  
  137  17:06  Starport Tech Lab  
  137  17:07  Raven  
  139  17:20  Weapon Refit  
  151  17:42  Orbital Command  
  157  17:54  Siege Tank  
Show
View Real Time Build Order
Export as new Build Order

aiRBuDDhA Zerg 

Build Orders: Pool First 

Get SALT Encoding   

  12  0:01  Drone  
  13  0:08  Drone  
  14  0:18  Overlord  
  14  0:28  Extractor  
  13  0:29  Drone  
  15  0:36  Drone x2  
  17  0:48  Spawning Pool  
  16  0:51  Drone  
  16  0:56  Drone  
  18  1:07  Drone  
  19  1:25  Hatchery  
  18  1:36  Drone  
  18  1:37  Drone  
  18  1:39  Overlord  
  20  1:46  Queen  
  22  2:00  Drone x2  
  24  2:16  Drone  
  25  2:25  Drone  
  26  2:39  Drone  
  26  2:40  Drone  
  26  2:42  Overlord, Extractor  
  26  2:43  Extractor  
  26  2:45  Queen  
  28  2:52  Zergling x2  
  28  2:58  Zergling x6  
  31  2:59  Zergling x2  
  33  3:11  Drone x3  
  36  3:18  Drone  
  37  3:20  Overlord  
  37  3:39  Metabolic Boost  
  34  4:09  Drone  
  35  4:10  Drone x8  
  43  4:22  Evolution Chamber  
  43  4:23  Evolution Chamber  
  41  4:26  Drone x2  
  41  4:27  Baneling Nest  
  41  4:28  Lair  
  42  4:47  Drone  
  42  4:48  Drone x6  
  49  4:54  Extractor  
  49  4:56  Extractor  
  49  4:57  Drone  
  48  5:02  Zerg Ground Armor Level 1  
  48  5:04  Hatchery  
  46  5:28  Hydralisk Den  
  45  5:32  Spore Crawler x2  
  45  5:35  Spore Crawler  
  42  5:36  Spore Crawler  
  42  5:37  Spore Crawler, Drone x3  
  42  5:38  Drone x7  
  42  5:39  Drone  
  51  5:45  Drone  
  52  5:51  Zerg Missile Weapons Level 1  
  51  6:04  Grooved Spines  
  51  6:12  Drone  
  51  6:14  Overlord x5  
  51  6:15  Queen x2  
  56  6:23  Overlord, Hatchery  
  55  6:36  Evolution Chamber  
  54  6:43  Drone x2  
  54  6:44  Drone, Infestation Pit  
  56  6:53  Hydralisk x5  
  66  7:02  Hydralisk x2  
  70  7:13  Hydralisk  
  70  7:14  Hydralisk x2  
  75  7:32  Hydralisk x7  
  89  7:38  Hydralisk x2  
  89  7:42  Drone  
  89  7:43  Drone x4  
  98  7:55  Extractor, Drone x3  
  98  7:56  Hydralisk x2  
  104  8:03  Muscular Augments  
  104  8:09  Hydralisk x2  
  108  8:13  Zergling x6  
  108  8:14  Zergling x2  
  108  8:17  Overlord  
  112  8:22  Spore Crawler  
  112  8:23  Spore Crawler  
  107  8:31  Spore Crawler  
  107  8:32  Spore Crawler  
  103  8:38  Queen  
  103  8:47  Hydralisk x2  
  103  8:48  Hydralisk x2  
  111  9:04  Overlord x3  
  111  9:05  Overlord  
  111  9:25  Hydralisk x2  
  111  9:26  Hydralisk x4  
  117  9:51  Hydralisk x6  
  85  10:10  Hydralisk x4  
  85  10:11  Hydralisk  
  87  10:29  Drone  
  87  10:30  Drone x7  
  77  10:55  Hydralisk x6  
  81  11:09  Zerg Ground Armor Level 2  
  81  11:10  Zerg Missile Weapons Level 2  
  81  11:17  Pathogen Glands  
  80  11:33  Infestor x2  
  80  11:34  Infestor x2  
  88  11:44  Hydralisk x2  
  88  11:45  Hydralisk x2  
  84  12:15  Zergling x16  
  75  12:16  Zergling x24  
  94  12:23  Hydralisk x2  
  98  12:48  Hydralisk x3  
  98  12:49  Hydralisk x4  
  112  13:03  Hydralisk x4  
  120  13:19  Extractor  
  119  13:33  Hydralisk x3  
  123  13:34  Hydralisk  
  123  13:39  Overlord  
  123  13:40  Overlord x3  
  127  13:55  Zerg Melee Weapons Level 1  
  127  14:00  Hive  
  127  14:07  Drone x2  
  129  14:20  Hatchery  
  128  14:40  Overlord x4  
  128  14:46  Drone x12  
  128  14:50  Extractor  
  128  14:51  Extractor  
  138  14:58  Infestor x3  
  144  15:02  Infestor  
  146  15:17  Drone x5  
  146  15:18  Drone  
  152  15:22  Hydralisk x2  
  156  15:49  Hydralisk  
  158  15:50  Hydralisk x6  
  169  16:22  Spire  
  153  17:15  Hydralisk x3  
  159  17:28  Drone  
  159  17:29  Drone x17  
  177  17:32  Overlord x5  
  177  17:34  Zergling x24  
  189  17:41  Ultralisk Cavern  
Show
View Real Time Build Order
Export as new Build Order

dreamvos Protoss 

Build Orders:  

Get SALT Encoding   

  12  0:01  Probe  
  13  0:13  Probe  
  14  0:19  Pylon  
  14  0:25  Probe  
  15  0:37  Probe  
  15  0:42  Gateway  
  16  0:49  Probe  
  17  0:55  Assimilator  
  17  1:01  Probe  
  18  1:13  Probe  
  19  1:23  Pylon  
  19  1:25  Probe  
  19  1:30  Zealot  
  22  1:34  Cybernetics Core  
  22  1:37  Probe  
  23  1:50  Probe  
  24  2:04  Assimilator  
  24  2:06  Pylon  
  24  2:09  Probe  
  24  2:11  Warp Gate  
  25  2:20  Robotics Facility  
  25  2:23  Probe  
  26  2:40  Stalker  
  26  2:42  Probe  
  29  2:54  Probe  
  29  3:10  Observer  
  30  3:15  Probe  
  31  3:27  Nexus  
  31  3:28  Probe  
  31  3:29  Pylon  
  31  3:32  Immortal  
  31  3:33  Pylon  
  36  3:39  Pylon  
  36  3:42  Probe  
  37  3:54  Stalker  
  38  4:20  Immortal  
  38  4:22  Forge  
  42  4:25  Probe  
  43  4:37  Probe  
  44  4:43  Probe  
  45  4:49  Probe  
  46  4:55  Probe  
  46  4:57  Gateway  
  46  4:59  Gateway  
  47  5:01  Photon Cannon  
  47  5:04  Observer  
  48  5:13  Protoss Ground Weapons Level 1  
  48  5:17  Photon Cannon  
  48  5:19  Probe x2  
  50  5:31  Probe x2  
  43  5:43  Probe x2  
  45  5:55  Photon Cannon  
  45  5:56  Probe x2  
  47  6:08  Probe x2  
  47  6:09  Immortal  
  53  6:13  Twilight Council  
  53  6:16  Probe x2  
  53  6:17  Photon Cannon  
  53  6:24  Probe x2  
  53  6:25  Sentry x3  
  63  6:35  Probe x2  
  65  6:40  Assimilator  
  65  6:44  Assimilator  
  66  6:47  Probe x2  
  66  6:49  Robotics Bay  
  67  6:59  Probe x2  
  69  7:03  Pylon  
  69  7:07  Stalker x3  
  75  7:13  Pylon  
  75  7:15  Protoss Shields Level 1  
  75  7:20  Probe  
  75  7:22  Probe  
  77  7:32  Probe  
  77  7:34  Probe  
  79  7:40  Nexus  
  79  7:44  Probe  
  79  7:48  Pylon  
  80  7:52  Sentry x2, Photon Cannon  
  82  8:13  Stalker  
  82  8:15  Colossus  
  82  8:19  Shield Battery  
  90  8:22  Robotics Bay  
  90  8:28  Probe x2  
  90  8:30  Zealot x2  
  96  8:40  Probe  
  93  8:50  Stalker x2  
  93  8:51  Stalker  
  99  9:17  Colossus  
  99  9:18  Stalker x2  
  99  9:19  Probe, Stalker  
  99  9:20  Probe x2  
  114  9:30  Protoss Ground Weapons Level 2  
  114  9:32  Charge, Probe  
  114  9:34  Probe x2  
  117  9:41  Pylon  
  117  9:42  Pylon  
  117  9:44  Probe  
  108  9:45  Pylon  
  108  9:46  Probe, Pylon  
  83  10:10  Colossus  
  75  10:22  Assimilator  
  75  10:23  Assimilator  
  75  10:24  Gateway  
  75  10:27  Gateway x2  
  75  10:28  Gateway  
  72  10:36  Pylon  
  72  10:50  Nexus, Stalker x3  
  72  10:53  Assimilator  
  72  10:54  Assimilator  
  78  10:58  Pylon  
  78  11:01  Pylon  
  78  11:04  Colossus  
  78  11:19  Stalker x3  
  78  11:22  Blink  
  70  11:38  Probe  
  70  11:39  Probe  
  70  11:40  Probe  
  70  11:44  Stalker x3  
  72  11:47  Colossus  
  72  11:50  Probe  
  72  11:52  Probe x2  
  75  11:57  Pylon  
  81  12:02  Probe  
  82  12:15  Stalker x3  
  84  12:16  Stalker x2  
  77  12:40  Pylon  
  77  12:41  Immortal  
  69  12:45  Stalker x3  
  72  13:05  Probe  
  73  13:09  Protoss Ground Weapons Level 3, Probe  
  73  13:11  Probe  
  75  13:17  Probe  
  75  13:18  Probe  
  75  13:19  Colossus  
  77  13:22  Probe  
  77  13:23  Probe  
  77  13:24  Pylon  
  79  13:27  Pylon  
  79  13:29  Probe  
  79  13:30  Probe, Photon Cannon  
  79  13:33  Photon Cannon  
  79  13:34  Probe  
  88  13:36  Probe  
  90  13:41  Probe  
  90  13:45  Forge  
  90  13:46  Probe  
  90  13:48  Probe  
  92  13:53  Probe  
  93  13:57  Templar Archives  
  93  13:58  Probe x2  
  93  14:00  Probe, Pylon  
  96  14:05  Probe  
  97  14:10  Probe  
  97  14:12  Probe  
  97  14:13  Gateway, Immortal  
  97  14:15  Gateway  
  103  14:24  Probe, Zealot x2  
  103  14:25  Zealot x2  
  103  14:28  Protoss Ground Armor Level 1  
  112  14:36  Probe x3  
  115  14:39  High Templar  
  115  14:45  Gateway  
  117  14:46  Gateway  
  117  14:48  Gateway, Probe  
  117  14:51  Pylon  
  117  14:52  High Templar x2  
  120  14:53  High Templar x3  
  128  15:00  Archon x3  
  128  15:06  Immortal  
  132  15:13  Gateway  
  132  15:16  Pylon  
  132  15:18  High Templar x2  
  136  15:30  Nexus  
  136  15:34  Pylon  
  136  15:35  Archon  
  136  15:36  Protoss Shields Level 2  
  136  15:37  Pylon  
  136  15:44  Pylon  
  136  15:47  High Templar  
  136  15:48  High Templar, Zealot x2  
  136  15:49  High Templar x2  
  148  15:50  High Templar x2  
  148  15:51  Zealot  
  148  15:52  Zealot  
  148  15:54  Archon x2  
  148  15:55  Archon  
  156  16:05  Photon Cannon  
  156  16:09  Photon Cannon  
  156  16:19  Photon Cannon, Assimilator  
  156  16:20  Assimilator  
  156  16:21  High Templar x2  
  156  16:22  High Templar x3  
  156  16:24  Zealot x5  
  156  16:25  Zealot  
  178  16:27  Archon x2  
  178  16:29  High Templar  
  180  16:33  Archon  
  180  16:43  Colossus  
  186  17:04  Zealot x2  
  186  17:05  Zealot x5  
  200  17:19  Pylon  
  200  17:22  Photon Cannon  
  200  17:30  Robotics Facility  
  200  17:32  Robotics Facility  
  200  17:36  Gateway  
  200  17:38  Gateway  
Tags
 
Add a new tag
Caveats
  • Supply blocks, unpowered buildings, or Contaminate may cause inaccurate times.
  • Supply counts are checked every 10 seconds.